 Dungeon Crawl Stone Soup version 0.23-a0-629-gae4348f (webtiles) character file.

21 Lilu the Conjurer (level 2, 0/15 HPs)
             Began as a Deep Elf Conjurer on Dec 26, 2018.
             Slain by a jackal (1 damage)
             ... on level 1 of the Dungeon on Dec 27, 2018.
             The game lasted 00:02:45 (489 turns).

Lilu the Conjurer (Deep Elf Conjurer)                Turns: 489, Time: 00:02:46

Health: 0/15       AC:  2    Str:  5    XL:     2   Next: 62%
Magic:  0/8        EV: 13    Int: 19    God:
Gold:   43         SH:  0    Dex: 15    Spells: 6/7 levels left

rFire    . . .     SeeInvis .   f - +0 short sword
rCold    . . .     Gourm    .   (no shield)
rNeg     . . .     Faith    .   a - +0 robe
rPois    .         Spirit   .   (no helmet)
rElec    .         Reflect  .   (no cloak)
rCorr    .         Harm     .   (no gloves)
MR       .....                  (no boots)
Stlth    ++........             (no amulet)
HPRegen  0.05/turn              (no ring)
MPRegen  0.11/turn              (no ring)

@: very slightly contaminated
A: no striking features
a: no special abilities


You were on level 1 of the Dungeon.
You were not hungry.

You visited 1 branch of the dungeon, and saw 1 of its levels.

You collected 43 gold pieces.

Inventory:

Hand Weapons
 f - a +0 short sword (weapon)
Armour
 a - a +0 robe (worn)
Potions
 b - a potion of magic {unknown}
 e - a potion of heal wounds {unknown}
Comestibles
 c - 2 rations
 d - 7 chunks of flesh


   Skills:
 + Level 2.8 Dodging
 - Level 3.0 Stealth
 + Level 3.4 Spellcasting
 + Level 4.6 Conjurations


You had 6 spell levels left.
You knew the following spells:

 Your Spells              Type           Power        Failure   Level  Hunger
a - Magic Dart            Conj           ###.         2%          1    None

Your spell library contained the following spells:

 Spells                   Type           Power        Failure   Level  Hunger
 Searing Ray              Conj           ###...       3%          2    ##.....
 Dazzling Spray           Conj/Hex       ##....       17%         3    ###....
 Iskenderun's Mystic Bla  Conj           ###.....     22%         4    ####...
 Force Lance              Conj/Tloc      ##......     50%         4    ####...
 Fulminant Prism          Conj/Hex       ##........   50%         4    ####...


Dungeon Overview and Level Annotations

Branches:
Dungeon (1/15)

Altars:


Message History

The jackal closely misses you.
You hit the jackal but do no damage.
The jackal is severely wounded.
The jackal misses you. The jackal barely misses you.
You hit the jackal.
You kill the jackal!
The bat hits you but does no damage. The bat closely misses you.
You hit the bat.
You kill the bat!
The jackal bites you.
* * * LOW HITPOINT WARNING * * *
Casting: Magic Dart (safe; 2% risk of failure)
Confirm with . or Enter, or press ? or * to list all spells.
Aiming: Magic Dart (safe; 2% risk of failure)
Press: ? - help, Shift-Dir - straight line, f - jackal
Aim: a jackal The magic dart hits the jackal.
The jackal is almost dead.
The jackal bites you.
You die...

(.....................#
#.......
.#....................#
#....... #....................#
#....... #...................†#
#....... ##+####............÷(#
#....... .........>..........h#
#....... ##......÷......#####.#
####+#.#
########.####.#####÷#######.#..
........(....@h......=........
........##########.##.########
..............................
........###............#......
........###....h.......#.#####
.......................#.#
.......................#.#
............h..........#.#
##...........(.........#.#####


You could see a jackal.

Vanquished Creatures
  A leopard gecko (D:1)
  2 goblins (D:1)
  2 hobgoblins (D:1)
  3 jackals (D:1)
  3 bats (D:1)
  3 frilled lizards (D:1)
  3 kobolds (D:1)
  A rat (D:1)
18 creatures vanquished.

Notes
Turn   | Place    | Note
-------+----------+-------------------------------------------
     0 | D:1      | Lilu the Deep Elf Conjurer began the quest for the Orb.
     0 | D:1      | Reached XP level 1. HP: 10/10 MP: 6/6
   343 | D:1      | Reached XP level 2. HP: 15/15 MP: 4/8
   489 | D:1      | Slain by a jackal

Vault maps used:
D:1:      lightli_arrival_farm, serial_bayou_pond_e,
          chequers_serial_rivers_micro_d, nemelex_diamond_rough_becter

Skill      XL: |  1  2 |
---------------+-------+-----
Stealth        | 3 |  3.0
Dodging        | |  2.8
Spellcasting   | |  3.4
Conjurations   | |  4.6

Action                   || total
-------------------------++-------
Melee: Short sword       ||    17
 Cast: Magic Dart        ||    34
Armor: Robe              ||    16
Dodge: Dodged            ||    46

Table legend:
 A = Non-vault XP
 B = Vault XP
 C = Vault XP percentage of total XP
 D = Non-vault monster count
 E = Vault monster count
 F = Vault count percentage of total count
                 A         B        C        D         E       F
            +---------+---------+-------+---------+---------+-------
      Total |      30 |       0 |   0.0 |      18 |       0 |   0.0
            +---------+---------+-------+---------+---------+-------
        D:1 |      30 |       0 |   0.0 |      18 |       0 |   0.0
            +---------+---------+-------+---------+---------+-------
